 Dungeon Crawl Stone Soup version 0.30.1-3-gfc49f6343a (webtiles) character file.

Game seed: 4733336933708889972

6310 Wiggles the Severer (level 10, 0/115 HPs)
             Began as a Minotaur Berserker on Aug 2, 2023.
             Was an Elder of Trog.
             Slain by a two-headed ogre
             ... wielding a +0 giant club
              (9 damage)
             ... on level 8 of the Dungeon.
             The game lasted 00:14:32 (7691 turns).

Wiggles the Severer (Minotaur Berserker)            Turns: 7691, Time: 00:14:33

Health: 0/115      AC:  9    Str: 26    XL:     10   Next: 64%
Magic:  0/9        EV:  9    Int:  4    God:    Trog [****..]
Gold:   332        SH:  0    Dex: 10    Spells: 9/9 levels left

rFire   . . .        e - +3 executioner's axe (drain)
rCold   . . .        (shield currently unavailable)
rNeg    . . .        b - +0 chain mail
rPois   .            (helmet restricted)
rElec   .            k - +0 cloak
rCorr   .            (no gloves)
SInv    .            (no boots)
Will    .....        u - amulet of guardian spirit Stlth
                     (no ring)
HPRegen 0.39/turn    (no ring)
MPRegen 0.11/turn

%: guardian spirit
@: berserking, very quick
A: horns 2, retaliatory headbutt
a: Renounce Religion, Berserk, Trog's Hand, Brothers in Arms


You were on level 8 of the Dungeon.
You worshipped Trog.
Trog was greatly pleased with you.
You visited 1 branch of the dungeon, and saw 8 of its levels.
You also visited: Ossuary.

You collected 402 gold pieces.
You spent 70 gold pieces at shops.

Inventory:

Hand Weapons
 e - a +3 executioner's axe of draining (weapon)
Armour
 b - a +0 chain mail (worn)
 k - a +0 cloak (worn)
Jewellery
 h - a ring of fire
 l - an amulet of magic regeneration
 u - an amulet of guardian spirit (around neck)
Wands
 r - a wand of charming (15)
 s - a wand of mindburst (18)
Scrolls
 a - a scroll of identify
 d - a scroll of amnesia
 j - a scroll of summoning {unknown}
 m - 4 scrolls of poison
 w - a scroll of teleportation
 B - 2 scrolls of noise
Potions
 c - 4 potions of degeneration
 f - 2 potions of might
 g - a potion of flight
 i - 4 potions of ambrosia
 n - 3 potions of attraction
 o - 2 potions of mutation
 p - 3 potions of haste
 t - 3 potions of curing
 z - a potion of lignification {unknown}
 C - a potion of brilliance {unknown}


   Skills:
 - Level 3.6 Fighting
 + Level 18.7 Axes
 - Level 2.4 Armour
 - Level 2.1 Dodging
 + Level 2.1 Stealth


You had 9 spell levels left.
You didn't know any spells.
Your spell library was empty.

Dungeon Overview and Level Annotations

Branches:
Dungeon (8/15)             Temple (0/1) D:6         Ossuary (visited)
   Lair: D:8-11

Altars:
Dithmenos
Hepliaklqana
Kikubaaqudgha
Makhleb
Uskayaw
Wu Jian
The Shining One

Shops:
D:1 :*[[!   D:3 *(((   D:5 *


Innate Abilities, Weirdness & Mutations

You have a pair of horns on your head.
You reflexively headbutt those who attack you in melee.


Message History

Trog accepts your kill.
You slash the steam dragon! You drain the steam dragon.
You hear an angry buzzing noise.
The steam dragon bites you. The steam dragon barely misses you.
You slice the steam dragon!!
You kill the steam dragon!
Trog accepts your kill.
You completely miss the wolf. The wolf bites you. The wolf barely misses you.
You furiously retaliate!
You headbutt the wolf.
The vampire mosquito is engulfed in a cloud of scalding steam.
You hit the vampire mosquito.
Your headbutt misses the vampire mosquito.
The vampire mosquito is moderately damaged.
You slash the wolf! The vampire mosquito bites you.
The vampire mosquito draws strength from your injuries!
The wolf barely misses you. You furiously retaliate!
You headbutt the wolf. The vampire mosquito bites you.
The vampire mosquito draws strength from your injuries!
A red film seems to cover your vision as you go berserk!
You feel yourself moving faster!
You feel mighty! The wolf bites you.
The vampire mosquito bites you but does no damage.
The wolf bites you.
You slice the vampire mosquito!!
You destroy the vampire mosquito!
Trog accepts your kill.
You slice the wolf!!
You kill the wolf!
Trog accepts your kill.
You slice the two-headed ogre!!
You are engulfed in a cloud of scalding steam.
The two-headed ogre hits you with a +0 giant club!
* * * LOW HITPOINT WARNING * * *
The two-headed ogre closely misses you.
Things that are here:
a vampire mosquito corpse; a steam dragon corpse You feel a strong urge to attack something.
The two-headed ogre hits you with a +0 giant club!!
* * * LOW HITPOINT WARNING * * *
The two-headed ogre hits you with a +0 giant spiked club!
You die...

#.. #.. #.# #.# #.#
#.######.# .#
........O###...#
#.@†)†....#
#.######.## ##.#
#..##
..######...#####
................ ..#
#.######....####.#.#
#................#.#
#####.........#.##.#


You could see a two-headed ogre.

Vanquished Creatures
  Pikel (D:6)
  Sigmund (D:3)
  6 yaks (D:5)
  A wraith (Ossuary)
  4 vampire mosquitoes (D:8)
  3 steam dragons
  Edmund (D:5)
  Menkaure (D:7)
  Duvessa (D:7)
  An ice beast (D:7)
  2 sky beasts (D:7)
  4 wolves (D:8)
  An ogre (D:5)
  A centaur (D:7)
  2 phantoms
  2 kobold brigands
  2 lemures (D:6)
  4 bullfrogs
  A wyvern zombie (D:7)
  A scorpion (D:7)
  12 wights
  A killer bee (D:7)
  Dowan (D:7)
  5 howler monkeys
  An electric eel (D:7)
  3 hounds
  3 jellies
  5 centaur zombies (D:7)
  An orc priest (D:4)
  2 gnoll boudas
  A sleepcap (D:5)
  2 iguanas
  An orc wizard (D:4)
  2 killer bee zombies (D:7)
  A mummy (Ossuary)
  A howler monkey zombie (D:7)
  Robin (D:2)
  7 adders
  4 gnolls (D:6)
  4 white imps
  2 ufetubi
  6 dart slugs
  7 orcs
  14 ball pythons
  5 bats
  7 endoplasms
  A giant cockroach (D:1)
  19 goblins
  8 hobgoblins
  3 jackals (D:3)
  2 quokkas
  3 frilled lizards
  8 gnoll skeletons (Ossuary)
  7 kobolds
  2 kobold skeletons (Ossuary)
  15 orc skeletons (Ossuary)
  An orc zombie (D:6)
  2 rats
210 creatures vanquished.

Vanquished Creatures (collateral kills)
  2 wights (D:7)
  A killer bee zombie (D:7)
3 creatures vanquished.

Vanquished Creatures (others)
  Grum (D:8)
  A sky beast (D:7)
2 creatures vanquished.

Grand Total: 215 creatures vanquished

Notes
Turn   | Place    | Note
-------+----------+-------------------------------------------
     0 | D:1      | Wiggles the Minotaur Berserker began the quest for the Orb.
     0 | D:1      | Reached XP level 1. HP: 19/19 MP: 0/0
    43 | D:1      | Reached skill level 4 in Axes
    60 | D:1      | Found Mago's General Store.
   123 | D:1      | Found Usetedua's Book Boutique.
   126 | D:1      | Reached XP level 2. HP: 26/26 MP: 1/1
   224 | D:1      | Found Duoqur's Armour Shoppe.
   335 | D:1      | Found Hubboav's Armour Boutique.
   683 | D:1      | Reached skill level 5 in Axes
   714 | D:1      | Found Ycyec's Distillery.
  1046 | D:2      | Noticed Robin
  1050 | D:2      | Reached XP level 3. HP: 31/31 MP: 2/2
  1050 | D:2      | Reached ** piety under Trog
  1051 | D:2      | Killed Robin
  1135 | D:2      | You fall into a shaft and drop 2 floors!
  1219 | D:3      | Found Miyhah's General Store.
  1265 | D:3      | Reached XP level 4. HP: 39/39 MP: 3/3
  1282 | D:3      | Found Jiyn Wei's Weapon Shoppe.
  1286 | D:3      | Noticed Sigmund
  1309 | D:3      | Killed Sigmund
  1310 | D:3      | Reached skill level 7 in Axes
  1310 | D:3      | Reached skill level 1 in Stealth
  1310 | D:3      | Reached XP level 5. HP: 33/45 MP: 4/4
  1388 | D:3      | Found Paafu's Antique Weapon Boutique.
  1468 | D:3      | Found Womesudd's Antique Weapon Shop.
  1483 | D:3      | Bought a war axe for 70 gold pieces
  1572 | D:2      | Reached XP level 6. HP: 50/51 MP: 5/5
  1587 | D:2      | Reached skill level 8 in Axes
  1933 | D:3      | Found an ornate altar of the Wu Jian Council.
  1935 | D:3      | Found an ancient bone altar of Kikubaaqudgha.
  2063 | D:3      | Reached *** piety under Trog
  2310 | D:3      | Found a shadowy altar of Dithmenos.
  2310 | D:3      | Found a burning altar of Makhleb.
  2313 | D:3      | Found a hide-covered altar of Uskayaw.
  3194 | D:5      | Entered Level 5 of the Dungeon
  3316 | D:5      | Reached skill level 9 in Axes
  3317 | D:5      | Reached XP level 7. HP: 12/57 MP: 6/6
  3637 | D:5      | Noticed a yak
  3638 | D:5      | Noticed a yak
  3638 | D:5      | Noticed a yak
  3638 | D:5      | Noticed a yak
  3638 | D:5      | Noticed a yak
  3639 | D:5      | Noticed a yak
  3651 | D:5      | Killed a yak
  3652 | D:5      | Reached skill level 10 in Axes
  3653 | D:5      | Killed a yak
  3653 | D:5      | Killed a yak
  3654 | D:5      | Reached skill level 11 in Axes
  3654 | D:5      | Reached XP level 8. HP: 46/64 MP: 7/7
  3656 | D:5      | Reached skill level 12 in Axes
  3665 | D:5      | Reached **** piety under Trog
  3857 | D:5      | Reached skill level 13 in Axes
  3902 | D:5      | Found a faded altar of an unknown god.
  3903 | D:5      | Found a hazy altar of Hepliaklqana.
  3903 | D:5      | Noticed Edmund
  3912 | D:5      | Killed Edmund
  3974 | D:5      | Found Pood Bam's Assorted Antiques.
  4226 | D:6      | Reached skill level 14 in Axes
  4226 | D:6      | Reached XP level 9. HP: 70/70 MP: 6/8
  4352 | D:6      | Found a sand-covered staircase.
  4462 | Ossuary  | Entered an ossuary
  4692 | D:6      | Found a staircase to the Ecumenical Temple.
  4692 | D:6      | Noticed Pikel
  4702 | D:6      | Killed Pikel
  4703 | D:6      | Reached skill level 15 in Axes
  4983 | D:6      | Found a glowing golden altar of the Shining One.
  5073 | D:7      | Noticed Menkaure
  5085 | D:7      | Killed Menkaure
  5178 | D:7      | Reached skill level 16 in Axes
  5183 | D:7      | HP: 5/105 [white imp/puff of frost (6)]
  5302 | D:7      | Noticed Duvessa
  5312 | D:7      | Killed Duvessa
  5342 | D:7      | Noticed Dowan
  5350 | D:7      | Killed Dowan
  5398 | D:7      | Reached XP level 10. HP: 28/77 MP: 6/9
  5589 | D:7      | Reached skill level 17 in Axes
  7155 | D:7      | Identified a scroll of acquirement
  7155 | D:7      | Acquired a +3 executioner's axe of freezing
  7403 | D:8      | Reached skill level 18 in Axes
  7677 | D:8      | Noticed Grum
  7680 | D:8      | Noticed a two-headed ogre
  7682 | D:8      | Killed Grum
  7691 | D:8      | Slain by a two-headed ogre

Illustrated notes

Levels and vault maps discovered:
D:1:      minmay_arrival_doors, layout_loops_corners, serial_shops,
          nicolae_shop_back_alley_shop, shop, shop, nicolae_diamond_shop, shop,
          due_unseen_surprise
D:2:      minmay_alternating_diamond, layout_rooms, serial_curves,
          eino_curves_01, eino_curves_04, eino_curves_01, uniq_robin
D:3:      layout_loops_corners, nicolae_overflow_hidden_temple, serial_shops,
          nicolae_square_shop, shop, shop, shop, minmay_misc_feat_cross,
          uniq_sigmund
D:4:      layout_basic
D:5:      layout_rooms, beargit_hepliaklqana_dungeon_heroes, serial_shops,
          nicolae_square_shop, st_stairs_11, minmay_misc_feat_chi
D:6:      layout_basic, general_overflow_altar, minmay_temple_entry_water_ring,
          enter_ossuary_3, uniq_pikel
D:7:      layout_cave_pools, enter_bailey_5, serial_undead, serial_undead_a,
          serial_undead_a, serial_undead_d, serial_undead_c,
          kennysheep_flooded_box, minmay_statues_item,
          kennysheep_opposing_triangles, uniq_duvessa, uniq_menkaure
D:8:      layout_loops_ring, uniq_psyche, uniq_grum, uniq_maurice

Skill      XL: |  1  2  3  4  5  6  7  8  9 10 |
---------------+-------------------------------+-----
Axes           | 4 5 7 9 11 14 16 18 | 18.7
Stealth        | 1 2 |  2.1
Fighting       | |  3.6
Armour         | |  2.4
Dodging        | |  2.1

Action                     |  1- 3 |  4- 6 |  7- 9 | 10-12 || total
---------------------------+-------+-------+-------+-------++-------
  Melee: Hand axe          |    58 |    11 |       |       ||    69
         Headbutt          |     9 |    13 |    30 |    16 ||    68
         War axe           |       |    23 |       |       ||    23
         Battleaxe         |       |    68 |   167 |    69 ||   304
         Executioner's axe |       |       |       |    33 ||    33
 Invoke: Berserk           |     1 |     1 |     7 |     1 ||    10
         Brothers in Arms  |       |       |     1 |       ||     1
  Evoke: Wand              |       |       |       |     1 ||     1
    Use: Scroll            |       |       |       |    19 ||    19
         Potion            |       |       |       |     2 ||     2
 Armour: Animal skin       |     9 |       |       |       ||     9
         Chain mail        |    19 |    46 |    73 |    38 ||   176
  Dodge: Dodged            |    28 |    61 |    89 |    53 ||   231
